 Dungeon Crawl Stone Soup version 0.28.0-47-ge53b351184 (webtiles) character file.

Game seed: 5483091551909642757

71 Keeper01 the Covered (level 4, -1/40 HPs)
             Began as a Barachi Fighter on May 10, 2022.
             Was a Follower of Vehumet.
             Slain by an adder (2 damage)
             ... on level 3 of the Dungeon.
             The game lasted 00:08:25 (1148 turns).

Keeper01 the Covered (Barachi Fighter)              Turns: 1148, Time: 00:08:27

Health: -1/40      AC:  6    Str: 19    XL:     4   Next: 24%
Magic:  4/4        EV: 10    Int:  9    God:    Vehumet [*.....]
Gold:   80         SH:  4    Dex: 11    Spells: 2/3 levels left

rFire   + . .      SeeInvis .   a - +0 war axe
rCold   + . .      Faith    .   c - +0 buckler
rNeg    . . .      Spirit   .   l - +0 ring mail {rPois}
rPois   +          Reflect  .   (no helmet)
rElec   +          Harm     .   (no cloak)
rCorr   +          Rampage  .   (no gloves)
Will    .....      Rage     1%  (no boots)
Stlth   +.........              (no amulet)
HPRegen 0.13/turn               (no ring)
MPRegen 0.09/turn               (no ring)

@: resistant, slow
A: amphibious, slowness 1, strong legs 1, +LOS, berserk 1, robust 1
a: Hop, Renounce Religion


You were on level 3 of the Dungeon.
You worshipped Vehumet.
Vehumet was aware of your devotion.
You visited 1 branch of the dungeon, and saw 3 of its levels.

You collected 80 gold pieces.

Inventory:

Hand Weapons
 a - a +0 war axe (weapon)
Armour
 b - a +0 scale mail
 c - a +0 buckler (worn)
 l - a +0 ring mail of poison resistance (worn)
Magical Staves
 k - a staff of fire
Scrolls
 f - a scroll of magic mapping {unknown}
 g - a scroll of vulnerability {unknown}
 j - a scroll of fog {unknown}
 m - a scroll of identify {unknown}
 n - a scroll of enchant armour {unknown}
Potions
 e - a potion of haste {unknown}


   Skills:
 + Level 3.9 Fighting
 + Level 3.3 Axes
 + Level 4.5 Armour
 + Level 0.5 Dodging
 + Level 3.7 Shields


You had 2 spell levels left.
You knew the following spells:

 Your Spells              Type           Power      Damage    Failure   Level
a - Freeze                Ice            0%         1d3       65%         1

Your spell library contained the following spells:

 Spells                   Type           Power      Damage    Failure   Level
 Teleport Other           Tloc           0%         N/A       95%         3
 Dispersal                Tloc           0%         N/A       100%        6
 Disjunction              Tloc           0%         N/A       100%        8


Dungeon Overview and Level Annotations

Branches:
Dungeon (3/15)

Altars:
Vehumet


Innate Abilities, Weirdness & Mutations

You are amphibious.
You cover ground slowly.
You can hop short distances.
You have an extended range of vision and can be seen from far away.
You tend to lose your temper in combat.
You are robust. (+10% HP)


Message History

The magic dart hits you but does no damage.
You hit the orc wizard.
The orc wizard is severely wounded.
You barely miss something.
The orc wizard hits you with a +0 dagger.
Something hits you but does no damage.
You barely miss the orc wizard.
The orc wizard is severely wounded.
You miss something. You block the orc wizard's attack. Something hits you.
Something hits you but does no damage.
The orc wizard points at you and mumbles some strange words.
The magic dart hits you.
You hit the orc wizard.
The orc wizard is almost dead.
You miss something. You block the orc wizard's attack. Something hits you.
* * * LOW HITPOINT WARNING * * *
You slash the orc wizard!
You kill the orc wizard!
Vehumet accepts your kill.
You closely miss something. Something completely misses you.
Something hits you but does no damage.
Your Axes skill increases to level 3!
You have reached level 4!
You feel clever.
It was a potion of resistance.
You feel protected. The orc hits you with a +0 flail!
* * * LOW HITPOINT WARNING * * *
Something hits you but does no damage.
It was a potion of mutation.
You feel extremely strange.
You feel a little pissed off.
You feel robust. You block the orc's attack.
Something hits you but does no damage.
You slash the orc!
You kill the orc!
Vehumet accepts your kill.
You slash something! Vehumet accepts your kill.
Reactivating autopickup.
You feel a bit more experienced. The adder bites you.
You die...

#.# #### ##...## #.##
#... ..###.....## #.##
..... #.##.......## #...
#.....##)#.........###...
.........'.........+.....
......##.#.........###...
##.. #.##.......## ###.
...).###S###.....## ##
#.....)@# ##...##
###.##### ##'## #.# #.#
##.## ##...##
#.....########
##............
...#####..#########


You could see an adder.

Vanquished Creatures
  Natasha (D:3)
  2 orc wizards (D:3)
  A worm (D:2)
  A dart slug (D:1)
  2 orcs (D:3)
  2 giant cockroaches
  3 goblins
  2 hobgoblins
  A ball python (D:2)
  2 bats
  A frilled lizard (D:2)
  2 rats
20 creatures vanquished.

Vanquished Creatures (others)
  3 withered plants (D:2)
3 creatures vanquished.

Grand Total: 23 creatures vanquished

Notes
Turn   | Place    | Note
-------+----------+-------------------------------------------
     0 | D:1      | Keeper01 the Barachi Fighter began the quest for the Orb.
     0 | D:1      | Reached XP level 1. HP: 18/18 MP: 1/1
   308 | D:1      | Reached skill level 4 in Armour
   308 | D:1      | Reached XP level 2. HP: 25/25 MP: 2/2
   373 | D:2      | Found a faded altar of an unknown god.
   379 | D:2      | Prayed at the altar of an unknown god.
   379 | D:2      | Became a worshipper of Vehumet
   379 | D:2      | Reached * piety under Vehumet
   379 | D:2      | Offered knowledge of Freeze by Vehumet.
   560 | D:2      | Learned a level 1 spell: Freeze
   601 | D:2      | Got the Handbook of the Voyage
   789 | D:3      | Noticed Natasha
   798 | D:3      | Killed Natasha
   799 | D:3      | Reached XP level 3. HP: 12/30 MP: 3/3
  1146 | D:3      | Reached XP level 4. HP: 7/37 MP: 4/4
  1146 | D:3      | HP: 1/37 [orc/+0 flail (7)]
  1147 | D:3      | Gained mutation: You tend to lose your temper in combat.
                  | [potion of mutation]
  1147 | D:3      | Gained mutation: You are robust. (+10% HP) [potion of
                  | mutation]
  1148 | D:3      | Slain by an adder

Illustrated notes

Levels and vault maps discovered:
D:1:      dpeg_arrival_rhombi, layout_basic
D:2:      layout_loops_ring, ebering_ecumenical_altar_petrified
D:3:      layout_loops_corners, nicolae_overflow_crystal_walls, uniq_natasha

Skill      XL: |  1  2  3 |
---------------+----------+-----
Armour         | 4 |  4.5
Axes           | 3 |  3.3
Fighting       | |  3.9
Dodging        | |  0.5
Shields        | |  3.7

Action                   |  1- 3 |  4- 6 || total
-------------------------+-------+-------++-------
Melee: War axe           |    67 |     1 ||    68
  Use: Potion            |     1 |     2 ||     3
       Scroll            |     1 |       ||     1
Armor: Scale mail        |    16 |       ||    16
       Ring mail         |    12 |     2 ||    14
Dodge: Dodged            |    43 |       ||    43
Block: Buckler           |    14 |     1 ||    15
